 Dungeon Crawl Stone Soup version 0.24.0-123-gd5b16e6ec5 (webtiles) character file.

Game seed: 14510020243193479056, levelgen mode: deterministic

24028 Blejac999 the Fencer (level 12, -3/113 HPs)
             Began as a Minotaur Fighter on Jan 15, 2020.
             Was a High Priest of the Shining One.
             Slain by an orc warrior
             ... wielding a +0 scimitar
             ... led by an orc high priest
              (8 damage)
             ... on level 1 of the Orcish Mines.
             The game lasted 00:40:32 (12832 turns).

Blejac999 the Fencer (Minotaur Fighter)            Turns: 12832, Time: 00:40:33

Health: -3/113     AC:  8    Str: 23    XL:     12   Next: 77%
Magic:  10/13      EV: 20    Int:  5    God:    the Shining One [*****.]
Gold:   610        SH:  0    Dex: 13    Spells: 12/14 levels left

rFire    . . .     SeeInvis .   a - +1 long sword
rCold    + . .     Gourm    .   (no shield)
rNeg     + + .     Faith    .   m - +2 leather armour {rC+}
rPois    +         Spirit   .   (helmet restricted)
rElec    .         Reflect  .   (no cloak)
rCorr    .         Harm     .   (no gloves)
MR       .....     Rnd*Rage +   h - +1 pair of boots Stlth +.........Rnd*Tele +
                                (no amulet)
HPRegen  0.68/turn              w - ring of flight
MPRegen  0.13/turn              o - +3 ring of evasion

@: glowing
A: retaliatory headbutt, horns 2, berserk 1, blurry vision 1, poison resistance,
regeneration 1, teleportitis 1
a: Divine Shield, Cleansing Flame, Summon Divine Warrior, Renounce Religion,
Evoke Flight


You were on level 1 of the Orcish Mines.
You worshipped the Shining One.
The Shining One was extremely pleased with you.
You were not hungry.

You visited 3 branches of the dungeon, and saw 14 of its levels.
You visited the Abyss 1 time.

You collected 870 gold pieces.
You spent 260 gold pieces at shops.

Inventory:

Hand Weapons
 a - a +1 long sword (weapon)
Armour
 h - a +1 pair of boots (worn)
 m - a +2 leather armour of cold resistance (worn)
 u - the +1 robe "Wielyuf" {rF+ Regen+ Int+10 Dex-3}
   (You found it on level 12 of the Dungeon)

   It affects your intelligence (+10).
   It affects your dexterity (-3).
   It protects you from fire.
   It increases your rate of regeneration.
Jewellery
 o - a +3 ring of evasion (right hand)
 w - a ring of flight (left hand)
 y - the ring "Gouniji" {*Contam *Corrode rElec rPois Dex+3}
   (You took it off Sonja on level 10 of the Dungeon)

   [ring of dexterity]

   It affects your dexterity (+3).
   It insulates you from electricity.
   It protects you from poison.
   It causes magical contamination when unequipped.
   It may corrode you when you take damage.
Wands
 e - a wand of disintegration (10)
 n - a wand of flame (2)
 q - a wand of iceblast (5)
 v - a wand of acid (1)
Scrolls
 b - 2 scrolls of fog
 c - 2 scrolls of amnesia
 d - a scroll of enchant weapon
 j - 6 scrolls of teleportation
 k - 5 scrolls of remove curse
 l - a scroll of blinking
 p - 7 scrolls of identify
 x - 3 scrolls of magic mapping
 z - a scroll of enchant armour
 A - a scroll of vulnerability
Potions
 g - 2 potions of flight
 i - a potion of brilliance
 t - 2 potions of lignification
Comestibles
 f - 15 rations
 r - 3 chunks of flesh


   Skills:
 + Level 12.7 Fighting
 + Level 15.7 Long Blades
 + Level 7.9 Armour
 + Level 9.7 Dodging
 + Level 4.0 Stealth
   Level 4.7 Shields
 + Level 1.7 Spellcasting
 + Level 1.0 Charms
 + Level 1.3 Air Magic
 + Level 2.2 Invocations
 + Level 2.5 Evocations


You had 12 spell levels left.
You knew the following spells:

 Your Spells              Type           Power        Failure   Level  Hunger
a - Swiftness             Chrm/Air       #.......     41%         2    ###....

Your spell library contained the following spells:

 Spells                   Type           Power        Failure   Level  Hunger
 Shock                    Conj/Air       #...         36%         1    ##.....
 Confusing Touch          Hex            #.....       45%         1    ##.....
 Pain                     Necr           #...         45%         1    ##.....
 Throw Frost              Conj/Ice       #.....       58%         2    ###....
 Static Discharge         Conj/Air       #.......     75%         3    ####...
 Confuse                  Hex            #.......     83%         3    ####...
 Gell's Gravitas          Tloc           #.........   83%         3    ####...
 Airstrike                Air            #.........   96%         4    #####..
 Petrify                  Tmut/Erth      #.......     99%         4    #####..
 Lightning Bolt           Conj/Air       #.........   100%        5    ######.
 Metabolic Englaciation   Hex/Ice        #.........   100%        5    ######.
 Yara's Violent Unravell  Hex/Tmut       #.........   100%        5    ######.


Dungeon Overview and Level Annotations

Branches:
Dungeon (12/15)            Temple (1/1) D:7            Lair (0/6) D:11
    Orc (1/2) D:12

Altars:
Ashenzari
Cheibriados
Dithmenos
Elyvilon
Fedhas
Hepliaklqana
Kikubaaqudgha
Makhleb
Nemelex Xobeh
Okawaru
Qazlal
Ru
Sif Muna
Trog
Uskayaw
Vehumet
Xom
Yredelemnul
Zin
The Shining One

Shops:
D:8 !   D:12 *

Portals:
Trove: D:12 (show abyssal rune of Zot)

Annotations:
D:9 1 runed translucent door, Saltbearer's ghost, novice DrTm


Innate Abilities, Weirdness & Mutations

You reflexively headbutt those who attack you in melee.
You have a pair of horns on your head.
You tend to lose your temper in combat.
Scrolls take you a little longer to read.
Your system is resistant to poisons. (rPois)
Your natural rate of healing is unusually fast.
You are occasionally teleported next to monsters.


Message History

The orc priest hits you with a +0 club.
* * * LOW HITPOINT WARNING * * *
The orc priest completely misses you.
You riposte.
You slash the orc priest!
You kill the orc priest!
The Shining One accepts your kill.
Unknown command.
Okay, then.
You barely miss the orc priest. You headbutt the orc priest.
You kill the orc priest!
The Shining One accepts your kill.
You feel better.
You feel your power returning. The orc warrior completely misses you.
The orc misses you.
You hit the orc warrior.
You headbutt the orc warrior, but do no damage.
The orc warrior is severely wounded.
The orc warrior completely misses you.
The orc warrior hits you from afar with a +0 glaive!!
* * * LOW HITPOINT WARNING * * *
The orc warrior hits you with a +0 scimitar!
You die...

### ##.#..#
##..........#.
#.............
##....>o#......
#..........#...
#..............
#.....)o.......
##....[ooo.....
#....))@o......
#.....)oo......
.......))......
...............
..#............
.....#.........
...............
...........#...
..........#....


You could see 4 orc warriors and 4 orcs.

Vanquished Creatures
  A deep elf elementalist (Abyss:1)
  Erolcha (D:10)
  A two-headed ogre (D:9)
  A thrashing horror (Abyss:1)
  Nergalle (D:10)
  Sonja (D:10)
  Urug (D:11)
  A sixfirhy (Abyss:1)
  A shadow wraith (Abyss:1)
  Pikel (D:7)
  An orc knight (D:12)
  A manticore (D:12)
  A deep elf mage (D:12)
  An ugly thing (D:11)
  A cyclops (D:12)
  Psyche (D:11)
  A gargoyle (D:12)
  A hellion (Abyss:1)
  A tengu conjurer (D:11)
  5 trolls
  2 hippogriffs (D:11)
  3 raiju (Abyss:1)
  A large abomination (Abyss:1)
  A flying skull (Abyss:1)
  A wraith (D:11)
  16 yaks
  A ynoxinul (Abyss:1)
  3 hogs (D:8)
  A human (D:8)
  A neqoxec (Abyss:1)
  Edmund (D:4)
  4 wargs
  4 water moccasins
  8 orc warriors
  4 sky beasts
  2 black bears
  A necrophage (D:11)
  An ice beast (D:10)
  4 phantoms
  7 ogres
  12 centaurs
  A big kobold (D:10)
  2 small abominations
  7 bullfrogs
  18 killer bees
  3 scorpions
  12 wights
  13 crimson imps
  2 bullfrog zombies
  A quasit (D:10)
  3 jellies
  16 orc priests
  5 hounds
  An iron imp (Abyss:1)
  23 orc wizards
  3 bullfrog skeletons
  5 centaur skeletons
  3 iguanas
  5 worker ants
  A killer bee zombie (D:5)
  A hound skeleton (D:8)
  7 gnolls (D:6)
  A howler monkey skeleton (D:5)
  A howler monkey zombie (D:11)
  18 adders
  3 shadow imps
  3 white imps (D:10)
  An ooze (D:4)
  3 worms
  4 adder skeletons
  2 dart slugs
  3 leopard geckos
  65 orcs
  2 ball pythons
  4 giant cockroaches
  6 goblins
  4 hobgoblins
  10 jackals
  2 quokkas
  6 bats
  4 frilled lizards
  15 kobolds
  A leopard gecko skeleton (D:6)
  9 rats
401 creatures vanquished.

Vanquished Creatures (others)
  A wight (D:7)
  An orc (D:6)
  A lurking horror (Abyss:1)
3 creatures vanquished.

Grand Total: 404 creatures vanquished

Notes
Turn   | Place    | Note
-------+----------+-------------------------------------------
     0 | D:1      | Blejac999 the Minotaur Fighter began the quest for the Orb.
     0 | D:1      | Reached XP level 1. HP: 19/19 MP: 0/0
   160 | D:1      | Reached XP level 2. HP: 26/27 MP: 1/1
   651 | D:2      | Reached XP level 3. HP: 33/33 MP: 2/2
   857 | D:2      | Reached skill level 3 in Long Blades
  1300 | D:3      | Reached skill level 1 in Dodging
  1339 | D:3      | Reached XP level 4. HP: 37/40 MP: 3/3
  1933 | D:3      | Reached XP level 5. HP: 43/47 MP: 4/4
  1979 | D:3      | Reached skill level 5 in Armour
  1988 | D:3      | Reached skill level 4 in Long Blades
  2460 | D:4      | Reached XP level 6. HP: 53/53 MP: 5/5
  2505 | D:4      | Noticed Edmund
  2525 | D:4      | Killed Edmund
  2525 | D:4      | Reached skill level 5 in Long Blades
  2609 | D:4      | Reached XP level 7. HP: 14/60 MP: 6/6
  2610 | D:4      | Reached skill level 6 in Long Blades
  3116 | D:4      | Found a white marble altar of Elyvilon.
  3312 | D:5      | Entered Level 5 of the Dungeon
  3408 | D:5      | Reached skill level 5 in Fighting
  3416 | D:5      | Reached skill level 7 in Long Blades
  3429 | D:5      | Found an ancient bone altar of Kikubaaqudgha.
  3429 | D:5      | Found an iron altar of Okawaru.
  4120 | D:5      | Reached XP level 8. HP: 60/68 MP: 7/7
  4282 | D:5      | Reached skill level 1 in Stealth
  4485 | D:5      | Found a blossoming altar of Fedhas.
  4655 | D:5      | Reached skill level 8 in Long Blades
  4855 | D:6      | Found a basalt altar of Yredelemnul.
  5265 | D:6      | Reached skill level 9 in Long Blades
  5417 | D:5      | Reached skill level 5 in Dodging
  5437 | D:5      | Reached XP level 9. HP: 41/78 MP: 8/8
  5601 | D:6      | Reached skill level 10 in Long Blades
  5904 | D:6      | Found a glowing silver altar of Zin.
  6338 | D:6      | Reached skill level 11 in Long Blades
  6568 | D:6      | Gained mutation: Your natural rate of healing is unusually
                  | fast. [potion of mutation]
  6568 | D:6      | Gained mutation: Your system is resistant to poisons.
                  | (rPois) [potion of mutation]
  6801 | D:7      | Learned a level 2 spell: Swiftness
  6833 | D:7      | Found a bloodstained altar of Trog.
  6922 | D:7      | Noticed Pikel
  6938 | D:7      | Killed Pikel
  6938 | D:7      | Reached XP level 10. HP: 71/88 MP: 9/9
  7015 | D:7      | Reached skill level 12 in Long Blades
  7073 | D:7      | Found a staircase to the Ecumenical Temple.
  7165 | Temple   | Entered the Ecumenical Temple
  7281 | Temple   | Became a worshipper of the Shining One
  7442 | D:7      | Found a shimmering blue altar of Sif Muna.
  7712 | D:7      | Found a shimmering altar of Xom.
  7714 | D:7      | Found a sacrificial altar of Ru.
  7715 | D:7      | Found a radiant altar of Vehumet.
  7790 | D:8      | Found a shattered altar of Ashenzari.
  7936 | D:8      | Reached * piety under the Shining One
  8158 | D:8      | Found Jiokia's Distillery.
  8166 | D:8      | Bought a potion of heal wounds for 65 gold pieces
  8166 | D:8      | Bought a potion of heal wounds for 65 gold pieces
  8166 | D:8      | Bought a potion of berserk rage for 65 gold pieces
  8166 | D:8      | Bought a potion of berserk rage for 65 gold pieces
  8212 | D:8      | Reached skill level 1 in Spellcasting
  8215 | D:8      | Reached skill level 1 in Evocations
  8718 | D:9      | Found a runed translucent door.
  8720 | D:9      | Noticed Saltbearer's ghost (novice DrTm)
  8747 | D:9      | Noticed a two-headed ogre
  8763 | D:9      | Killed a two-headed ogre
  8763 | D:9      | Reached skill level 13 in Long Blades
  9074 | D:10     | Entered Level 10 of the Dungeon
  9142 | D:10     | Reached ** piety under the Shining One
  9142 | D:10     | Reached XP level 11. HP: 90/97 MP: 11/11
  9391 | D:10     | Noticed Nergalle
  9403 | D:10     | Identified the ring "Gouniji" {*Contam *Corrode rElec rPois
                  | Dex+3}
  9403 | D:10     | Noticed Sonja
  9407 | D:10     | Killed Nergalle
  9590 | D:10     | Noticed Erolcha
  9710 | D:10     | Killed Sonja
  9710 | D:10     | Reached skill level 14 in Long Blades
  9838 | D:10     | Reached *** piety under the Shining One
  9929 | D:10     | Found a hide-covered altar of Uskayaw.
 10027 | D:10     | Cast into level 1 of the Abyss (Erolcha)
 10031 | Abyss:1  | Found a corrupted altar of Lugonu.
 10087 | Abyss:1  | Reached skill level 10 in Fighting
 10197 | Abyss:1  | Noticed a sixfirhy
 10204 | Abyss:1  | Killed a sixfirhy
 10309 | Abyss:1  | Noticed a shadow wraith
 10319 | Abyss:1  | Killed a shadow wraith
 10319 | Abyss:1  | Reached skill level 1 in Air Magic
 10329 | Abyss:1  | Noticed a large abomination
 10349 | Abyss:1  | Noticed a thrashing horror
 10371 | Abyss:1  | Noticed a deep elf elementalist
 10384 | Abyss:1  | Gained mutation: You tend to lose your temper in combat. [a
                  | neqoxec]
 10386 | Abyss:1  | Killed a thrashing horror
 10386 | Abyss:1  | Gained mutation: You are occasionally teleported next to
                  | monsters. [a neqoxec]
 10387 | Abyss:1  | Killed a deep elf elementalist
 10387 | Abyss:1  | Reached skill level 1 in Invocations
 10388 | Abyss:1  | Gained mutation: Scrolls take you a little longer to read.
                  | [a neqoxec]
 10391 | Abyss:1  | Noticed a starcursed mass
 10400 | D:10     | Escaped the Abyss
 10544 | D:10     | Reached **** piety under the Shining One
 10558 | D:10     | Reached XP level 12. HP: 108/108 MP: 13/13
 10571 | D:10     | Killed Erolcha
 10571 | D:10     | Reached skill level 1 in Charms
 11106 | D:11     | Noticed Psyche
 11113 | D:11     | Killed Psyche
 11113 | D:11     | Reached skill level 15 in Long Blades
 11332 | D:11     | Noticed Urug
 11337 | D:11     | Killed Urug
 11484 | D:11     | Found a staircase to the Lair.
 12004 | D:12     | Found a portal to a secret trove of treasure.
 12009 | D:12     | Got a shimmering robe
 12020 | D:12     | Identified the cursed +1 robe "Wielyuf" {rF+ Regen+ Int+10
                  | Dex-3} (You found it on level 12 of the Dungeon)
 12253 | D:12     | Identified Rearoc's Compendium of Freezing Black Magic
 12261 | D:12     | Found a staircase to the Orcish Mines.
 12331 | Orc:1    | Entered Level 1 of the Orcish Mines
 12348 | Orc:1    | Reached ***** piety under the Shining One
 12348 | Orc:1    | Noticed an orc high priest
 12654 | D:12     | Found Qikixzig's General Store.
 12829 | Orc:1    | The Shining One protects you from harm!
 12832 | Orc:1    | HP: 5/113 [orc warrior/+0 glaive (18)]
 12832 | Orc:1    | Slain by an orc warrior

Levels and vault maps discovered:
D:1:      nicolae_arrival_somewhat_less_tricky_arrival, layout_rooms,
          minmay_octomino_e4
D:2:      layout_loops_ring, first_ration, grunt_ministairs_3
D:3:      layout_basic, minmay_goblin_kobold_house
D:4:      layout_loops_cross, elyvilon_altar_4, uniq_edmund
D:5:      minmay_angry_zag, layout_layer_cave, gammafunk_temple_overflow_pools,
          lemuel_crystal_altar
D:6:      layout_rooms, zin_academy, yredelemnul_altar_generic
D:7:      layout_loops_ring, nicolae_overflow_crystal_walls,
          grunt_temple_overflow_diamond, tgw_sif, minmay_temple_entry_poolview,
          uniq_pikel
D:8:      layout_basic, ashenzari_conservatory_becter, serial_shops,
          nicolae_shop_trees, corner_web_ring, grunt_livestock
D:9:      layout_cave_pools, hellmonk_ghost_happy_afterlife
D:10:     layout_cave_pools, serial_column_ruins, column_ruins_temple_circle,
          column_ruins_columns_straight, column_ruins_open_small,
          column_ruins_open_tiny, column_ruins_open_tiny, minmay_nine_imps,
          uniq_erolcha, uniq_sonja, uniq_nergalle
D:11:     layout_gridville, erik_lair_orcish_takeover, uniq_urug, uniq_psyche
D:12:     layout_big_octagon, david_orc_1_choice, serial_shops,
          nicolae_shop_temple_entry_statues_fountains,
          nicolae_trove_entry_free_sample
Temple:   minmay_temple_curvy_loop
Orc:1:    layout_caves, gammafunk_ghost_stat_death, minmay_orc_barracks

Skill      XL: |  1  2  3  4  5  6  7  8  9 10 11 12 |
---------------+-------------------------------------+-----
Shields        | 4 |  4.7
Armour         | 4 5 6 7 |  7.9
Long Blades    | 3 4 5 7 9 11 13 14 15 | 15.7
Dodging        | 1 2 3 5 6 7 8 9 |  9.7
Fighting       | 4 5 6 7 9 10 12 | 12.7
Stealth        | 1 2 3 4 |  4.0
Spellcasting   | 1 |  1.7
Evocations     | 1 2 |  2.5
Air Magic      | 1 |  1.3
Invocations    | 1 2 |  2.2
Charms         | 1 |  1.0

Action                   |  1- 3 |  4- 6 |  7- 9 | 10-12 || total
-------------------------+-------+-------+-------+-------++-------
Melee: Long sword        |   102 |   127 |   257 |   597 ||  1083
       Headbutt          |     8 |    26 |    60 |   170 ||   264
 Cast: Swiftness         |       |       |     2 |     3 ||     5
Invok: Divine Shield     |       |       |       |     4 ||     4
       Cleansing Flame   |       |       |       |     2 ||     2
Evoke: Wand              |       |       |       |    13 ||    13
  Use: Potion            |     4 |     4 |     5 |    14 ||    27
       Scroll            |     8 |     5 |     2 |     6 ||    21
 Stab: Sleeping          |       |       |     2 |       ||     2
  Eat: Chunk             |     1 |     5 |     9 |    10 ||    25
       Ration            |       |       |     2 |     3 ||     5
Armor: Scale mail        |    46 |       |       |       ||    46
       Ring mail         |    15 |    50 |       |       ||    65
       Leather armour    |       |     2 |    92 |   110 ||   204
Dodge: Dodged            |    43 |    54 |   238 |   540 ||   875
Block: Shield            |    77 |    30 |       |       ||   107
       Other             |       |       |       |     4 ||     4
       Rpst.: Long sword |     8 |    14 |    69 |   130 ||   221
